NYP
MAHONING VALLEY SCRAPPERS @ TRI-CITY VALLEYCATS
08/08/2048
 
TOP OF THE 1ST
Mahoning Valley Scrappers batting - Pitching for Tri-City ValleyCats : RHP Ryan Hoagland
Pitching: RHP Ryan Hoagland
Batting: RHB Ricky Cordova 0-0: Called Strike
0-1: Fly out, F8 (Flyball, 78M, EV 90.6 MPH)
Batting: RHB Jose Argueta 0-0: Ball
1-0: Ball
2-0: Called Strike
2-1: Ball
3-1: Fly out, F9 (Flyball, 9, EV 80.0 MPH)
Batting: LHB Dave Key 0-0: Called Strike
0-1: Ball
1-1: SINGLE (Groundball, 34D, EV 101.2 MPH)
Batting: RHB John Shaffer 0-0: Foul Ball, location: 2F
0-1: Foul Ball, location: 2F
0-2: Foul Ball, location: 2F
0-2: Ball
Wild Pitch!
Dave Key to second
1-2: Foul Ball, location: 2F
1-2: Foul Ball, location: 2F
1-2: Ground out 6-3 (Groundball, P, EV 75.6 MPH)
Top of the 1st over - 0 runs, 1 hit, 0 errors, 1 left on base; Mahoning Valley 0 - Tri-City 0
BOTTOM OF THE 1ST
Tri-City ValleyCats batting - Pitching for Mahoning Valley Scrappers : RHP Josh Hughes
Pitching: RHP Josh Hughes
Batting: LHB Josh Corkery 0-0: Ball
1-0: Swinging Strike
1-1: Ball
2-1: Called Strike
2-2: Strikes out swinging
Batting: LHB Jackson Trottier 0-0: Ball
1-0: Called Strike
1-1: Foul Ball, location: 2F
1-2: Ball
2-2: Foul Ball, location: 2F
2-2: Ball
3-2: Fly out, F8 (Flyball, 78S, EV 85.0 MPH)
Batting: RHB Dinand Brouwer 0-0: Ball
1-0: Ball
2-0: Ball
3-0: Called Strike
3-1: Ground out 6-3 (Groundball, 6D, EV 100.6 MPH)
Bottom of the 1st over - 0 runs, 0 hits, 0 errors, 0 left on base; Mahoning Valley 0 - Tri-City 0
TOP OF THE 2ND
Mahoning Valley Scrappers batting - Pitching for Tri-City ValleyCats : RHP Ryan Hoagland
Batting: RHB Leo Candelas 0-0: Ball
1-0: Swinging Strike
1-1: Foul Ball, location: 2F
1-2: Strikes out looking
Batting: RHB Aaron Stout 0-0: Called Strike
0-1: Ball
1-1: Foul Ball, location: 2F
1-2: Ball
2-2: Ball
3-2: Strikes out swinging
Batting: RHB Eric Kuck 0-0: Ball
1-0: Called Strike
1-1: Swinging Strike
1-2: Ball
2-2: Ball
3-2: Ground out 1-3 (Groundball, 13S, EV 60.6 MPH)
Top of the 2nd over - 0 runs, 0 hits, 0 errors, 0 left on base; Mahoning Valley 0 - Tri-City 0
BOTTOM OF THE 2ND
Tri-City ValleyCats batting - Pitching for Mahoning Valley Scrappers : RHP Josh Hughes
Batting: LHB Wade Girard 0-0: Called Strike
0-1: Foul Ball, location: 2F
0-2: Foul Ball, location: 2F
0-2: Ball
1-2: Ground out 4-3 (Groundball, 4, EV 84.4 MPH)
Batting: RHB Steve Moore 0-0: Called Strike
0-1: Swinging Strike
0-2: Ball
1-2: Strikes out swinging
Batting: RHB Drew Coleman 0-0: Fly out, F9 (Flyball, 9LSF, EV 90.0 MPH)
Bottom of the 2nd over - 0 runs, 0 hits, 0 errors, 0 left on base; Mahoning Valley 0 - Tri-City 0
TOP OF THE 3RD
Mahoning Valley Scrappers batting - Pitching for Tri-City ValleyCats : RHP Ryan Hoagland
Batting: RHB Jason Roberts 0-0: Fly out, F5 (Popup, 56S, EV 88.1 MPH)
Batting: RHB Juan Ordonez 0-0: Foul Ball, location: 2F
0-1: Foul Ball, location: 2F
0-2: Ball
1-2: Fly out, F3 (Popup, 23F, EV 85.0 MPH)
Batting: RHB Ricky Cordova 0-0: Ball
1-0: Called Strike
1-1: Foul Ball, location: 2F
1-2: Foul Ball, location: 2F
1-2: Ball
2-2: Strikes out swinging
Top of the 3rd over - 0 runs, 0 hits, 0 errors, 0 left on base; Mahoning Valley 0 - Tri-City 0
BOTTOM OF THE 3RD
Tri-City ValleyCats batting - Pitching for Mahoning Valley Scrappers : RHP Josh Hughes
Batting: RHB Omar Amaya 0-0: Foul Ball, location: 2F
0-1: Reached on error, E5 (Groundball, 56, EV 90.0 MPH)
Batting: RHB Ray Souza 0-0: Called Strike
Omar Amaya steals 3rd base (no throw)
0-1: Foul Ball, location: 2F
0-2: Ball
1-2: Ball
2-2: SINGLE (Groundball, 56S, EV 74.4 MPH) (infield hit)
Omar Amaya scores
Batting: RHB Patrick Pinault 0-0: Ball
1-0: Ball
2-0: Swinging Strike
2-1: Swinging Strike
2-2: Strikes out looking
Batting: LHB Josh Corkery 0-0: Ball
1-0: Called Strike
1-1: Called Strike
1-2: Strikes out swinging
Batting: LHB Jackson Trottier 0-0: Called Strike
Balk!
Ray Souza to second
0-1: Foul Ball, location: 2F
0-2: Ball
1-2: SINGLE (Line Drive, 9S, EV 96.2 MPH)
Ray Souza to third
Runner from 3rd tries for Home, SAFE, throw by RF to home
Batting: RHB Dinand Brouwer 0-0: Ball
1-0: Foul Ball, location: 2F
1-1: Called Strike
Jackson Trottier steals 2nd base
1-2: Fly out, F8 (Flyball, 78D, EV 100.6 MPH)
Bottom of the 3rd over - 2 runs, 2 hits, 1 error, 1 left on base; Mahoning Valley 0 - Tri-City 2
TOP OF THE 4TH
Mahoning Valley Scrappers batting - Pitching for Tri-City ValleyCats : RHP Ryan Hoagland
Batting: RHB Jose Argueta 0-0: Ball
1-0: Fly out, F8 (Flyball, 78D, EV 101.9 MPH)
Batting: LHB Dave Key 0-0: Called Strike
0-1: Ball
1-1: Swinging Strike
1-2: Foul Ball, location: 2F
1-2: Ball
2-2: Ball
3-2: Base on Balls
Batting: RHB John Shaffer 0-0: DOUBLE (Flyball, 89D, EV 93.1 MPH)
Dave Key to third
Runner from 3rd tries for Home, SAFE, no throw by RF
Batting: RHB Leo Candelas 0-0: Called Strike
0-1: Called Strike
0-2: Ball
1-2: Ball
2-2: Ball
3-2: Foul Ball, location: 2F
3-2: Base on Balls
Batting: RHB Aaron Stout 0-0: Fielders Choice at 2nd, 4-6 (Groundball, 4S, EV 82.5 MPH)
John Shaffer to third
Batting: RHB Eric Kuck 0-0: Ball
1-0: Ball
Wild Pitch!
John Shaffer scores
Aaron Stout to second
2-0: Swinging Strike
2-1: Ball
3-1: Foul Ball, location: 2F
3-2: Foul Ball, location: 2F
3-2: Fly out, F8 (Flyball, 8LD, EV 96.2 MPH)
Top of the 4th over - 2 runs, 1 hit, 0 errors, 1 left on base; Mahoning Valley 2 - Tri-City 2
BOTTOM OF THE 4TH
Tri-City ValleyCats batting - Pitching for Mahoning Valley Scrappers : RHP Josh Hughes
Batting: LHB Wade Girard 0-0: Ball
1-0: Called Strike
1-1: Ground out 4-3 (Groundball, 4, EV 98.8 MPH)
Batting: RHB Steve Moore 0-0: Ground out 1-3 (Groundball, 13, EV 73.8 MPH)
Batting: RHB Drew Coleman 0-0: SINGLE (Line Drive, 78S, EV 94.4 MPH)
Batting: RHB Omar Amaya 0-0: Called Strike
0-1: Ball
Wild Pitch!
Drew Coleman to second
1-1: Fly out, F9 (Line Drive, 9, EV 105.0 MPH)
Bottom of the 4th over - 0 runs, 1 hit, 0 errors, 1 left on base; Mahoning Valley 2 - Tri-City 2
TOP OF THE 5TH
Mahoning Valley Scrappers batting - Pitching for Tri-City ValleyCats : RHP Ryan Hoagland
Batting: RHB Jason Roberts 0-0: Ball
1-0: Swinging Strike
1-1: Ground out 6-3 (Groundball, 6, EV 83.8 MPH)
Batting: RHB Juan Ordonez 0-0: Ball
1-0: Ball
2-0: Foul Ball, location: 2F
2-1: TRIPLE (Flyball, 89XD, EV 111.9 MPH)
Batting: RHB Ricky Cordova 0-0: Foul Ball, location: 2F
0-1: Called Strike
0-2: Ball
1-2: Ball
2-2: Fly out, F8 (Flyball, 8LXD, EV 92.5 MPH)
Runner from 3rd tags up, SCORES, no throw by CF
Batting: RHB Jose Argueta 0-0: Ball
1-0: Swinging Strike
1-1: Swinging Strike
1-2: Ball
2-2: Strikes out swinging
Top of the 5th over - 1 run, 1 hit, 0 errors, 0 left on base; Mahoning Valley 3 - Tri-City 2
BOTTOM OF THE 5TH
Tri-City ValleyCats batting - Pitching for Mahoning Valley Scrappers : RHP Josh Hughes
Batting: RHB Ray Souza 0-0: Ball
1-0: Foul Ball, location: 2F
1-1: Ball
2-1: Foul Ball, location: 2F
2-2: Foul Ball, location: 2F
2-2: Fly out, F8 (Flyball, 8RXD, EV 95.0 MPH)
Batting: RHB Patrick Pinault 0-0: Called Strike
0-1: Fly out, F8 (Flyball, 8LD, EV 82.5 MPH)
Batting: LHB Josh Corkery 0-0: Ball
1-0: Called Strike
1-1: Swinging Strike
1-2: TRIPLE (Line Drive, 8RXD, EV 108.8 MPH)
Batting: LHB Jackson Trottier 0-0: SINGLE (Groundball, 56D, EV 102.5 MPH)
Josh Corkery scores
Batting: RHB Dinand Brouwer 0-0: Fly out, F9 (Flyball, 9LMF, EV 75.0 MPH)
Bottom of the 5th over - 1 run, 2 hits, 0 errors, 1 left on base; Mahoning Valley 3 - Tri-City 3
TOP OF THE 6TH
Mahoning Valley Scrappers batting - Pitching for Tri-City ValleyCats : RHP Ryan Hoagland
Pitching: RHP Russ Greer
Batting: LHB Dave Key 0-0: Ball
1-0: Ball
2-0: Ball
3-0: Called Strike
3-1: Foul Ball, location: 2F
3-2: Base on Balls
Batting: RHB John Shaffer 0-0: Ball
1-0: DOUBLE (Line Drive, 5D, EV 97.5 MPH)
Dave Key to third
Batting: RHB Leo Candelas 0-0: Called Strike
0-1: Swinging Strike
0-2: Strikes out swinging
Batting: RHB Aaron Stout 0-0: TRIPLE (Line Drive, 89XD, EV 102.5 MPH)
Dave Key scores
John Shaffer scores
Batting: RHB Eric Kuck 0-0: Ball
1-0: Ball
2-0: Called Strike
2-1: Foul Ball, location: 2F
2-2: Ball
3-2: Base on Balls
Batting: RHB Jason Roberts 0-0: Called Strike
0-1: Foul Ball, location: 2F
0-2: DOUBLE (Line Drive, 9LS, EV 94.4 MPH)
Aaron Stout scores
Eric Kuck to third
Batting: RHB Juan Ordonez 0-0: Ball
1-0: Called Strike
1-1: Foul Ball, location: 2F
1-2: Foul Ball, location: 2F
1-2: Ball
2-2: Ball
Wild Pitch!
Eric Kuck scores
Jason Roberts to third
3-2: Strikes out looking
Pitching: RHP Robin Yelland
Batting: RHB Ricky Cordova 0-0: Ball
1-0: Called Strike
1-1: Ball
2-1: Ball
3-1: Foul Ball, location: 2F
3-2: Strikes out looking
Top of the 6th over - 4 runs, 3 hits, 0 errors, 1 left on base; Mahoning Valley 7 - Tri-City 3
BOTTOM OF THE 6TH
Tri-City ValleyCats batting - Pitching for Mahoning Valley Scrappers : RHP Josh Hughes
Batting: LHB Wade Girard 0-0: Ball
1-0: Called Strike
1-1: Ground out 4-3 (Groundball, 4M, EV 102.5 MPH)
Batting: RHB Steve Moore 0-0: Called Strike
0-1: Ground out 5-3 (Groundball, 56S, EV 81.9 MPH)
Batting: RHB Drew Coleman 0-0: Foul Ball, location: 2F
0-1: Called Strike
0-2: Ball
1-2: Fly out, F8 (Line Drive, 8RD, EV 95.6 MPH)
Bottom of the 6th over - 0 runs, 0 hits, 0 errors, 0 left on base; Mahoning Valley 7 - Tri-City 3
TOP OF THE 7TH
Mahoning Valley Scrappers batting - Pitching for Tri-City ValleyCats : RHP Robin Yelland
Batting: RHB Jose Argueta 0-0: Called Strike
0-1: Ball
1-1: Called Strike
1-2: Strikes out swinging
Batting: LHB Dave Key 0-0: Ball
1-0: Ball
2-0: Ball
3-0: Called Strike
3-1: Base on Balls
Batting: RHB John Shaffer 0-0: Ball
1-0: DOUBLE (Line Drive, 7LD, EV 97.5 MPH)
Dave Key to third
Batting: RHB Leo Candelas 0-0: Called Strike
0-1: Ball
1-1: Ball
2-1: Swinging Strike
2-2: Foul Ball, location: 2F
2-2: Foul Ball, location: 2F
2-2: Strikes out looking
Batting: RHB Aaron Stout 0-0: Foul Ball, location: 2F
0-1: Called Strike
0-2: Ball
1-2: Foul Ball, location: 2F
1-2: Ball
2-2: Foul Ball, location: 2F
2-2: Strikes out swinging
Top of the 7th over - 0 runs, 1 hit, 0 errors, 2 left on base; Mahoning Valley 7 - Tri-City 3
BOTTOM OF THE 7TH
Tri-City ValleyCats batting - Pitching for Mahoning Valley Scrappers : RHP Josh Hughes
Batting: RHB Omar Amaya 0-0: Foul Ball, location: 2F
0-1: Foul Ball, location: 2F
0-2: Foul Ball, location: 2F
0-2: Strikes out swinging
Batting: RHB Ray Souza 0-0: Called Strike
0-1: Foul Ball, location: 2F
0-2: Foul Ball, location: 2F
0-2: Ball
1-2: Strikes out swinging
Batting: RHB Patrick Pinault 0-0: Fly out, F7 (Flyball, 7LS, EV 91.9 MPH)
Bottom of the 7th over - 0 runs, 0 hits, 0 errors, 0 left on base; Mahoning Valley 7 - Tri-City 3
TOP OF THE 8TH
Mahoning Valley Scrappers batting - Pitching for Tri-City ValleyCats : RHP Robin Yelland
Batting: RHB Eric Kuck 0-0: Ball
1-0: Ball
2-0: Called Strike
2-1: Foul Ball, location: 2F
2-2: Ball
3-2: Base on Balls
Batting: RHB Jason Roberts 0-0: Ball
1-0: Foul Ball, location: 2F
1-1: Ball
2-1: Ball
3-1: Swinging Strike
3-2: Strikes out swinging
Batting: RHB Juan Ordonez 0-0: Ball
1-0: Ball
2-0: Fly out, F9 (Flyball, 89S, EV 91.9 MPH)
Batting: RHB Ricky Cordova 0-0: Called Strike
0-1: Called Strike
0-2: DOUBLE (Flyball, 78XD, EV 101.2 MPH)
Eric Kuck to third
Batting: RHB Jose Argueta 0-0: Ball
1-0: Ground out 6-3 (Groundball, 6, EV 101.9 MPH)
Top of the 8th over - 0 runs, 1 hit, 0 errors, 2 left on base; Mahoning Valley 7 - Tri-City 3
BOTTOM OF THE 8TH
Tri-City ValleyCats batting - Pitching for Mahoning Valley Scrappers : RHP Josh Hughes
Now in RF: Jaquan Brown
Batting: LHB Josh Corkery 0-0: Ball
1-0: Ball
2-0: Swinging Strike
2-1: Ball
3-1: Base on Balls
Batting: LHB Jackson Trottier 0-0: SINGLE (Line Drive, 56D, EV 106.9 MPH)
Josh Corkery to second
Batting: RHB Dinand Brouwer 0-0: Called Strike
0-1: Swinging Strike
0-2: Ball
1-2: Foul Ball, location: 2F
1-2: Ball
2-2: Foul Ball, location: 2F
2-2: Strikes out looking
Pitching: RHP Danny Roe
Batting: LHB Wade Girard 0-0: Called Strike
0-1: Called Strike
0-2: Strikes out swinging
Pinch Hitting: LHB Tomas de Zeeuw 0-0: Foul Ball, location: 2F
0-1: Ball
1-1: Swinging Strike
1-2: Foul Ball, location: 2F
1-2: Ground out 4-3 (Groundball, 4, EV 106.2 MPH)
Bottom of the 8th over - 0 runs, 1 hit, 0 errors, 2 left on base; Mahoning Valley 7 - Tri-City 3
TOP OF THE 9TH
Mahoning Valley Scrappers batting - Pitching for Tri-City ValleyCats : RHP Robin Yelland
Now at 1B: Tomas de Zeeuw
Now at 3B: Dinand Brouwer
Batting: LHB Dave Key 0-0: Ball
1-0: Ground out 6-3 (Groundball, 6S, EV 89.4 MPH)
Pitching: RHP Addick Huiberts
Batting: RHB John Shaffer 0-0: Ball
1-0: Ball
2-0: Called Strike
2-1: Ball
3-1: Base on Balls
Batting: RHB Leo Candelas 0-0: Fly out, F8 (Flyball, 8LM, EV 77.5 MPH)
Batting: RHB Aaron Stout 0-0: Foul Ball, location: 2F
0-1: Swinging Strike
Balk!
John Shaffer to second
0-2: Foul Ball, location: 2F
0-2: Foul Ball, location: 2F
0-2: Ball
1-2: Strikes out looking
Top of the 9th over - 0 runs, 0 hits, 0 errors, 1 left on base; Mahoning Valley 7 - Tri-City 3
BOTTOM OF THE 9TH
Tri-City ValleyCats batting - Pitching for Mahoning Valley Scrappers : RHP Danny Roe
Batting: RHB Drew Coleman 0-0: SINGLE (Groundball, 56S, EV 69.4 MPH) (infield hit)
Batting: RHB Omar Amaya 0-0: Called Strike
0-1: Ball
1-1: Foul Ball, location: 2F
1-2: Ball
2-2: Ball
3-2: Strikes out swinging
Pinch Hitting: LHB Lou Toth 0-0: Ball
1-0: Ball
2-0: Grounds out, U3 (Groundball, 3L, EV 91.9 MPH)
Pinch Hitting: SHB Sean Hill 0-0: Ball
1-0: Ball
2-0: Foul Ball, location: 2F
2-1: Called Strike
2-2: Foul Ball, location: 2F
2-2: Strikes out looking
Bottom of the 9th over - 0 runs, 1 hit, 0 errors, 1 left on base; Mahoning Valley 7 - Tri-City 3
Tuesday, March 28th , 2023 - OOTP Baseball 23.10 Build 110